 Dungeon Crawl Stone Soup version 0.31.0-1-g2c135a0 (webtiles) character file.

Game seed: 13572117881339333469

88 Kel the Cudgeller (level 4, -1/29 HPs)
             Began as a Gargoyle Berserker on Feb 10, 2024.
             Was a Believer of Trog.
             Slain by a centaur (3 damage)
             ... on level 3 of the Dungeon.
             The game lasted 00:02:22 (1086 turns).

Kel the Cudgeller (Gargoyle Berserker)              Turns: 1086, Time: 00:02:23

Health: -1/29      AC: 13    Str: 21    XL:     4   Next: 53%
Magic:  4/4        EV: 11    Int:  7    God:    Trog [**....]
Gold:   70         SH:  0    Dex: 11    Spells: 3/3 levels left

rFire   . . .        a - +0 mace
rCold   . . .        (no shield)
rNeg    + . .        j - +0 ring mail
rPois   ∞            (no helmet)
rElec   +            (no cloak)
rCorr   .            (no gloves)
SInv    .            (no boots)
Will    .....        (no amulet)
Stlth   +            g - +4 ring of protection
HPRegen 0.24/turn    (no ring)
MPRegen 0.09/turn

%: no passive effects
@: on berserk cooldown, slowed, very slow
A: sickness immunity, AC +3, negative energy resistance 1, electricity
resistance, torment resistance 1, petrification resistance
a: Renounce Religion, Berserk, Trog's Hand


You were on level 3 of the Dungeon.
You worshipped Trog.
Trog was pleased with you.
You visited 1 branch of the dungeon, and saw 3 of its levels.

You collected 70 gold pieces.

Inventory:

Hand Weapons
 a - a +0 mace (weapon)
Armour
 j - a +0 ring mail (worn)
Jewellery
 g - a +4 ring of protection (left hand)
Scrolls
 c - a scroll of enchant weapon {unknown}
 d - 3 scrolls of teleportation {unknown}
 f - a scroll of immolation {unknown}
 i - a scroll of noise {unknown}
Potions
 b - a potion of degeneration {unknown}
 e - 2 potions of curing {unknown}
 h - a potion of mutation {unknown}
 k - a potion of resistance {unknown}


   Skills:
 + Level 4.0 Fighting
 * Level 4.2 Maces & Flails
 + Level 3.1 Armour
 - Level 1.5 Dodging


You had 3 spell levels left.
You didn't know any spells.
Your spell library was empty.

Dungeon Overview and Level Annotations

Branches:
Dungeon (3/15)

Altars:

Shops:
D:1 !


Innate Abilities, Weirdness & Mutations

You are immune to sickness and miasma.
Your stone body is resilient. (AC +3)
You are immune to poison.
You resist negative energy. (rN+)
You are resistant to electric shocks. (rElec)
You are resistant to unholy torment.
You are immune to petrification.


Message History

The centaur shoots an arrow.
The arrow hits you!
Things that are here:
a +0 club; a +0 robe; the human corpse of Jessica An iguana, a dart slug and a hobgoblin come into view.
You feel a strong urge to attack something.
The iguana hisses angrily.
The hobgoblin shouts!
You hear an angry hiss.
A frilled lizard comes into view.
The centaur shoots an arrow.
The arrow hits you but does no damage.
A ball python comes into view.
The ball python hisses angrily.
The centaur shoots an arrow.
The arrow hits you.
You feel your anger nearly subside.
You are no longer berserk.
You are exhausted.
You feel yourself slow down.
The centaur unwields a +0 shortbow.
The centaur barely misses you.
The centaur kicks you but does no damage.
You hit the centaur but do no damage. The centaur hits you.
* * * LOW HITPOINT WARNING * * *
The centaur closely misses you. The centaur hits you.
* * * LOW HITPOINT WARNING * * *
The centaur kicks you but does no damage.
The kobold throws a stone.
The stone misses you.
The stone hits the centaur.
You barely miss the centaur.
The centaur is lightly wounded.
The centaur closely misses you.
The centaur kicks you but does no damage.
The endoplasm closely misses you.
The hobgoblin hits you but does no damage.
The centaur barely misses you. The centaur closely misses you.
The kobold throws a stone.
The stone misses you.
The stone hits the centaur but does no damage.
The endoplasm hits you but does no damage.
The hobgoblin hits you but does no damage.
The centaur completely misses you. The centaur barely misses you.
The kobold throws a stone.
The stone completely misses you.
The stone hits the centaur but does no damage.
You barely miss the centaur. The centaur hits you.
* * * LOW HITPOINT WARNING * * *
The centaur kicks you.
You die...

#.#..#
#.#..######..
#.............
###.####...#.
#?# .#...
######.####..# #
........)K....#
##...........l#
#.####.##J@g#...
# #.##.#cl...#
#.##.##S#..#
#.##.. ....#
#..... ... ##
#.#. ##'.. #.##
#.. #.# ..


You could see a centaur, an iguana, an endoplasm, a hobgoblin, a ball python, a
kobold and a frilled lizard.

Vanquished Creatures
  Jessica (D:3)
  2 adders (D:2)
  A ribbon worm (D:2)
  A dart slug (D:1)
  An orc (D:3)
  A bat (D:2)
  3 endoplasms
  2 giant cockroaches
  2 hobgoblins
  2 kobolds (D:2)
  3 quokkas
  7 frilled lizards
  8 goblins
  5 rats
39 creatures vanquished.

Notes
Turn   | Place    | Note
-------+----------+-------------------------------------------
     0 | D:1      | Kel the Gargoyle Berserker began the quest for the Orb.
     0 | D:1      | Reached XP level 1. HP: 14/14 MP: 1/1
    64 | D:1      | Reached XP level 2. HP: 19/19 MP: 2/2
    64 | D:1      | Found Onoz's Distillery.
   479 | D:2      | Reached XP level 3. HP: 21/23 MP: 3/3
   551 | D:2      | Reached ** piety under Trog
   948 | D:3      | Reached XP level 4. HP: 29/29 MP: 4/4
  1074 | D:3      | Noticed Jessica
  1076 | D:3      | Noticed a centaur
  1079 | D:3      | Killed Jessica
  1086 | D:3      | Slain by a centaur

Illustrated notes

Levels and vault maps discovered:
D:1:      nzn_arrival_water_spiral, layout_rooms, serial_shops,
          nicolae_square_shop
D:2:      layout_rooms
D:3:      layout_loops_ring, grunt_decor_junction,
          minmay_fractal_squares_diagonal_5, uniq_jessica

Skill      XL: |  1  2  3  4 |
---------------+-------------+-----
Maces & Flails | 4 |  4.2
Fighting       | 4 |  4.0
Armour         | 3 |  3.1
Dodging        | |  1.5

Action                     |  1- 3 |  4- 6 || total
---------------------------+-------+-------++-------
  Melee: Mace              |   100 |    13 ||   113
         Punch             |     2 |       ||     2
 Invoke: Berserk           |       |     1 ||     1
 Armour: Animal skin       |    58 |       ||    58
         Ring mail         |       |    19 ||    19
  Dodge: Dodged            |    80 |    21 ||   101
